 Dungeon Crawl Stone Soup version 0.24.0-29-g8ce449bc06 (webtiles) character file.

Game seed: 7652394181118628666, levelgen mode: deterministic

64 Kobolds4U the Slasher (level 3, 0/29 HPs)
             Began as a Demonspawn Berserker on Nov 16, 2019.
             Was a Believer of Trog.
             Hit by a goblin thrown by Robin (3 damage)
             ... on level 2 of the Dungeon.
             The game lasted 00:04:18 (1678 turns).

Kobolds4U the Slasher (Demonspawn Berserker)        Turns: 1678, Time: 00:04:18

Health: 0/29       AC:  6    Str: 17    XL:     3   Next: 91%
Magic:  3/3        EV: 10    Int:  8    God:    Trog [**....]
Gold:   48         SH:  0    Dex: 13    Spells: 2/2 levels left

rFire    . . .     SeeInvis .   a - +0 falchion
rCold    . . .     Gourm    .   (no shield)
rNeg     . . .     Faith    .   i - +0 scale mail
rPois    .         Spirit   .   (no helmet)
rElec    .         Reflect  .   (no cloak)
rCorr    .         Harm     .   (no gloves)
MR       .....                  (no boots)
Stlth    ..........             (no amulet)
HPRegen  0.09/turn              (no ring)
MPRegen  0.08/turn              (no ring)

@: no status effects
A: claws 1
a: Berserk, Trog's Hand, Renounce Religion


You were on level 2 of the Dungeon.
You worshipped Trog.
Trog was pleased with you.
You were hungry.

You visited 1 branch of the dungeon, and saw 2 of its levels.

You collected 48 gold pieces.

Inventory:

Hand Weapons
 a - a +0 falchion (weapon)
Armour
 i - a +0 scale mail (worn)
Jewellery
 g - an uncursed amulet of the acrobat {unknown}
Scrolls
 d - a scroll of immolation {unknown}
 e - a scroll of identify {unknown}
Comestibles
 b - 11 chunks of flesh
 c - 3 rations


   Skills:
 - Level 3.0 Fighting
 + Level 4.4 Long Blades
 - Level 1.7 Armour
 - Level 1.7 Dodging


You had 2 spell levels left.
You didn't know any spells.
Your spell library was empty.

Dungeon Overview and Level Annotations

Branches:
Dungeon (2/15)

Altars:
Qazlal

Annotations:
D:2 Robin


Innate Abilities, Weirdness & Mutations

You have sharp fingernails.


Message History

* * * LOW HITPOINT WARNING * * *
The goblin wields a +0 hunting sling.
The goblin shoots a stone.
The stone hits you but does no damage. Robin throws the goblin at you!
* * * LOW HITPOINT WARNING * * *
Things that are here:
a stone; a quokka skeleton You closely miss the goblin.
The goblin hits you but does no damage. x2
Robin hits you but does no damage.
The goblin shoots a stone.
The stone closely misses you.
Unknown command.
You barely miss the goblin. The goblin barely misses you.
The goblin hits you but does no damage.
Robin roars a battlecry!
The goblins go into a battle-frenzy!
The goblin shoots a stone.
The stone hits you but does no damage.
Unknown command.
It was a potion of cancellation.
You feel magically purged. The goblin hits you but does no damage.
The goblin closely misses you. Robin throws the goblin at you!
You die...

..._ ..# #........
...#.###.## #........
..........# #l)......
..........#####g#.....
..............).gg.....
..........###÷######...
..........##.)####
.............#gg.#
.......)÷.####@..#
...#.###..# #g.g## #.
#.##..÷## #....#
##).##.##.#.^# #....#
.....#.##.##.# #..(..#
<....#....##.###...#.#
.....#.#...........###
.....#...###..######
.......### ##...##


You could see Robin and 3 goblins.

Vanquished Creatures
  An adder (D:2)
  A worm (D:2)
  2 dart slugs
  3 leopard geckos
  2 bats
  A giant cockroach (D:2)
  10 goblins
  5 hobgoblins
  2 jackals (D:1)
  5 kobolds
  3 quokkas (D:2)
  A ball python (D:2)
  A frilled lizard (D:1)
  4 rats
41 creatures vanquished.

Notes
Turn   | Place    | Note
-------+----------+-------------------------------------------
     0 | D:1      | Kobolds4U the Demonspawn Berserker began the quest for the
                  | Orb.
     0 | D:1      | Reached XP level 1. HP: 18/18 MP: 1/1
    72 | D:1      | Reached skill level 3 in Long Blades
   487 | D:1      | Gained mutation: You have sharp fingernails. [demonic
                  | ancestry]
   487 | D:1      | Reached XP level 2. HP: 24/24 MP: 2/2
  1190 | D:2      | Reached XP level 3. HP: 29/29 MP: 3/3
  1238 | D:2      | Reached skill level 4 in Long Blades
  1514 | D:2      | Found a stormy altar of Qazlal.
  1635 | D:2      | Noticed Robin
  1645 | D:2      | Reached ** piety under Trog
  1678 | D:2      | Hit by a goblin thrown by Robin

Levels and vault maps discovered:
D:1:      tarquinn_simple_flora_water_f, layout_loops_cross
D:2:      layout_rooms, lemuel_crystal_altar, marbit_many_paths,
          nicolae_overflow_hidden_temple, uniq_robin, uniq_crazy_yiuf_cottage

Skill      XL: |  1  2  3 |
---------------+----------+-----
Long Blades    | 3 4 |  4.4
Fighting       | |  3.0
Armour         | |  1.7
Dodging        | |  1.7

Action                   || total
-------------------------++-------
Melee: Falchion          ||   143
  Use: Potion            ||     1
 Stab: Sleeping          ||     1
  Eat: Chunk             ||     2
Armor: Animal skin       ||     9
       Scale mail        ||    56
Dodge: Dodged            ||   108
       Rpst.: Falchion   ||    37
